 Dungeon Crawl Stone Soup version 0.30-a0-528-g8c47a4955b (webtiles) character file.

Game seed: 2687709930449931080

2731 NaturalState the Cleaver (level 9, 0/59 HPs)
             Began as a Gargoyle Fighter on Dec 23, 2022.
             Was an Initiate of Gozag.
             Killed from afar by a steam dragon (20 damage)
             ... with a ball of steam
             ... on level 8 of the Dungeon.
             The game lasted 00:29:57 (7498 turns).

NaturalState the Cleaver (Gargoyle Fighter)         Turns: 7498, Time: 00:29:57

Health: 0/59       AC: 18    Str: 24    XL:     9   Next: 67%
Magic:  9/9        EV:  6    Int:  9    God:    Gozag
Gold:   170        SH: 14    Dex:  9    Spells: 8/8 levels left

rFire   . . .      SeeInvis .    a - +0 war axe (elec)
rCold   . . .      Faith    .    u - +0 kite shield
rNeg    + . .      Spirit   .    h - +0 chain mail
rPois   ∞          Reflect  +    j - +1 helmet
rElec   +          Harm     .    (no cloak)
rCorr   .          Rampage  .    (no gloves)
Will    .....                    r - +0 pair of boots Stlth
                                 g - amulet of reflection
HPRegen 0.29/turn                (no ring)
MPRegen 0.11/turn                (no ring)

@: no status effects
A: sickness immunity, AC +6, negative energy resistance 1, electricity
resistance, torment resistance 1, petrification resistance
a: Renounce Religion, Potion Petition, Call Merchant, Bribe Branch


You were on level 8 of the Dungeon.
You worshipped Gozag.
Gozag was aware of your devotion.
You visited 2 branches of the dungeon, and saw 9 of its levels.

You collected 435 gold pieces.
You spent 153 gold pieces at shops.
You paid 112 gold pieces to Gozag.

Inventory:

Hand Weapons
 a - a +0 war axe of electrocution (weapon)
 l - a +2 hand axe of venom
 D - the +6 dagger of Articulation {vorpal, +Blink Fly Dex-5 SInv}
   (You found it on level 4 of the Dungeon)

   It inflicts extra damage upon your enemies.
   Dex:       It affects your dexterity (-5).
   SInv:      It lets you see invisible.
   Fly:       It grants you flight.
   +Blink:    It lets you blink.
Missiles
 e - 23 poisoned darts
 i - 5 boomerangs (quivered)
Armour
 h - a +0 chain mail (worn)
 j - a +1 helmet (worn)
 r - a +0 pair of boots (worn)
 u - a +0 kite shield (worn)
Jewellery
 g - an amulet of reflection (around neck)
Wands
 m - a wand of charming (8)
 o - a wand of polymorph (4)
 w - a wand of flame (12)
Scrolls
 k - 2 scrolls of blinking
 p - a scroll of torment {unknown}
 q - 4 scrolls of teleportation
Potions
 b - a potion of invisibility
 c - a potion of berserk rage {unknown}
 d - a potion of might
 f - a potion of mutation
 n - a potion of curing
 s - a potion of flight
 t - 2 potions of attraction
 A - a potion of ambrosia
 B - a potion of heal wounds


   Skills:
 + Level 7.8 Fighting
 * Level 8.6 Axes
 - Level 3.2 Armour
 + Level 7.8 Shields


You had 8 spell levels left.
You didn't know any spells.
Your spell library contained the following spells:

 Spells                   Type           Power      Damage    Failure   Level
 Kiss of Death            Conj/Necr      0%         2d5       100%        1
 Sting                    Tmut/Pois      0%         1d3       100%        1
 Summon Small Mammal      Summ           0%         N/A       100%        1
 Blink                    Tloc           0%         N/A       100%        2
 Momentum Strike          Conj/Tloc      0%         3d8       100%        2
 Poisonous Vapours        Pois/Air       0%         N/A       100%        2
 Call Canine Familiar     Summ           0%         N/A       100%        3
 Confusing Touch          Hex            0%         N/A       100%        3
 Dazzling Flash           Conj/Hex       0%         N/A       100%        3
 Lesser Beckoning         Tloc           0%         N/A       100%        3
 Summon Guardian Golem    Hex/Summ       0%         N/A       100%        3
 Dispel Undead            Necr           0%         3d6       100%        4
 Iskenderun's Mystic Bla  Conj/Tloc      0%         2d3       100%        4
 Olgreb's Toxic Radiance  Pois           0%         N/A       100%        4
 Starburst                Conj/Fire      0%         6d3       100%        6


Dungeon Overview and Level Annotations

Branches:
Dungeon (8/15)             Temple (1/1) D:7
   Lair: D:8-11

Altars:
Ashenzari
Cheibriados
Dithmenos
Elyvilon
Fedhas
Gozag
Hepliaklqana
Kikubaaqudgha
Makhleb
Nemelex Xobeh
Okawaru
Ru
Sif Muna
Trog
Vehumet
Wu Jian
Xom
Yredelemnul
Zin
The Shining One

Shops:
D:3 !   D:4 (   D:5 :   D:6 *


Innate Abilities, Weirdness & Mutations

You are immune to sickness and miasma.
Your stone body is resilient. (AC +6)
You are immune to poison.
You resist negative energy. (rN+)
You are resistant to electric shocks. (rElec)
You are resistant to unholy torment.
You are immune to petrification.


Message History

The ball of steam hits you but does no damage.
You barely miss the steam dragon.
You are engulfed in a cloud of scalding steam.
The steam dragon bites you.
The steam dragon claws you but does no damage.
The steam dragon bites you but does no damage.
You block the steam dragon's attack.
You barely miss the steam dragon.
You are engulfed in a cloud of scalding steam.
The steam dragon bites you but does no damage.
The steam dragon barely misses you.
You slash the steam dragon!
Lightning courses through the steam dragon!
The steam dragon is heavily wounded.
You block the steam dragon's attack. The steam dragon barely misses you.
You barely miss the steam dragon.
The steam dragon is heavily wounded.
The steam dragon breathes steam at you. The ball of steam hits you!
You hit the steam dragon but do no damage.
The steam dragon is heavily wounded.
You are engulfed in a cloud of scalding steam.
The steam dragon breathes steam at you. The ball of steam hits you!!
You block the steam dragon's attack. x2
You hit the steam dragon.
The steam dragon is severely wounded.
You block the steam dragon's attack.
The steam dragon claws you but does no damage.
You block the steam dragon's attack.
The steam dragon claws you but does no damage.
You barely miss the steam dragon.
The steam dragon is severely wounded.
You block the steam dragon's attack. x2
You hit the steam dragon.
The steam dragon is almost dead.
The steam dragon breathes steam at you. The ball of steam hits you!!
You die...
Your body crumbles into a pile of gold.

##########
#........#
#....###.# #....#
#.# ##.###
#.#########
####.#####..........
#..D@.......########
#.###.......'....).
# .........#######
.#.......##...####
#............#...
#.#+###.#..>.#.##
..# ..)#......#
.##############
#..........#


You could see a steam dragon (catching breath).

Vanquished Creatures
  3 steam dragons
  A sky beast (D:7)
  A black bear (D:5)
  2 ogres (D:5)
  3 centaurs
  A kobold brigand (D:6)
  4 bullfrogs
  2 necrophages (D:6)
  A gnoll sergeant (D:8)
  A scorpion (D:4)
  7 wights
  2 howler monkeys
  2 jellies (D:6)
  An orc priest (D:4)
  4 hounds
  4 iguanas
  5 orc wizards
  Natasha (D:2)
  Robin (D:4)
  5 gnolls (D:8)
  8 adders
  2 ufetubi
  2 worms
  4 dart slugs
  28 orcs
  7 ball pythons
  4 bats
  5 endoplasms
  4 giant cockroaches
  15 goblins
  17 hobgoblins
  9 jackals
  2 quokkas (D:2)
  2 frilled lizards
  14 kobolds
  12 rats
186 creatures vanquished.

Notes
Turn   | Place    | Note
-------+----------+-------------------------------------------
     0 | D:1      | NaturalState the Gargoyle Fighter began the quest for the
                  | Orb.
     0 | D:1      | Reached XP level 1. HP: 14/14 MP: 1/1
    35 | D:1      | Reached skill level 2 in Axes
    43 | D:1      | Reached XP level 2. HP: 19/19 MP: 2/2
   215 | D:1      | Reached XP level 3. HP: 23/23 MP: 3/3
   305 | D:1      | Found a faded altar of an unknown god.
  1097 | D:2      | Reached skill level 3 in Axes
  1097 | D:2      | Reached XP level 4. HP: 29/29 MP: 4/4
  1312 | D:2      | Noticed Natasha
  1339 | D:2      | Killed Natasha
  1836 | D:3      | Reached XP level 5. HP: 33/33 MP: 5/5
  2060 | D:3      | You fall into a shaft and drop 3 floors!
  2141 | D:5      | Entered Level 5 of the Dungeon
  2141 | D:5      | Noticed an ogre
  2145 | D:5      | Killed an ogre
  2146 | D:5      | Reached skill level 4 in Axes
  2189 | D:5      | Reached XP level 6. HP: 39/39 MP: 6/6
  2488 | D:4      | Noticed Robin
  2491 | D:4      | Reached skill level 5 in Fighting
  2493 | D:4      | Reached skill level 5 in Shields
  2499 | D:4      | Killed Robin
  2548 | D:4      | Reached XP level 7. HP: 40/44 MP: 7/7
  2599 | D:4      | Reached skill level 5 in Axes
  3112 | D:3      | Found a glowing golden altar of the Shining One.
  3125 | D:3      | Found Nuedd's Distillery.
  3140 | D:3      | Bought a potion of degeneration for 11 gold pieces
  3620 | D:4      | Found Ruxow's Weapon Emporium.
  3632 | D:4      | Identified the +6 dagger of Articulation {vorpal, +Blink
                  | Fly Dex-5 SInv}
  3990 | D:5      | Found Saesuoka's Tremendous Tomes.
  4066 | D:5      | Identified the +1 ring mail "Dueh" {rN+ Dex+4}
  4310 | D:6      | Reached XP level 8. HP: 51/51 MP: 8/8
  4320 | D:6      | Reached skill level 6 in Axes
  4563 | D:6      | Found Oleuxkih's Assorted Antiques.
  4571 | D:6      | Bought a bubbling golden potion for 26 gold pieces
  4571 | D:6      | Bought a runed copper wand for 116 gold pieces
  4779 | D:6      | Reached skill level 7 in Axes
  5017 | D:7      | Found a staircase to the Ecumenical Temple.
  5026 | Temple   | Entered the Ecumenical Temple
  5303 | D:7      | Reached XP level 9. HP: 25/56 MP: 9/9
  5821 | D:7      | Noticed a deep elf pyromancer
  5838 | D:7      | Reached skill level 8 in Axes
  6485 | Temple   | Became a worshipper of Gozag Ym Sagoz the Greedy
  7498 | D:8      | Killed from afar by a steam dragon

Illustrated notes

Levels and vault maps discovered:
D:1:      dpeg_arrival_tiny_d, layout_loops_ring, ebering_ecumenical_altar_webs,
          minmay_misc_feat_roman, kennysheep_small_spiral,
          kennysheep_decorative_pillar, minmay_misc_feat_ornament
D:2:      layout_loops_cross, minmay_vboxes, uniq_natasha
D:3:      layout_basic, tso_oasis_becter, serial_shops, shop, st_stairs_8,
          grunt_ministairs_6, palyth_stone_intersect, minmay_diced_spiral
D:4:      layout_gridville, serial_shops, nicolae_shop_bloodbath_and_beyond,
          uniq_robin
D:5:      layout_loops_ring, nicolae_shop_i_like_big_books
D:6:      layout_loops_cross, serial_shops, nicolae_shop_behind_doors
D:7:      layout_loops_ring, minmay_temple_entry_junction_2
D:8:      layout_basic
Temple:   hellmonk_temple_of_storms

Skill      XL: |  1  2  3  4  5  6  7  8  9 |
---------------+----------------------------+-----
Axes           | 2 3 4 5 7 8 |  8.6
Fighting       | 4 5 6 7 |  7.8
Shields        | 4 5 6 7 |  7.8
Armour         | |  3.2

Action                   |  1- 3 |  4- 6 |  7- 9 || total
-------------------------+-------+-------+-------++-------
Melee: War axe           |    95 |   158 |   337 ||   590
Throw: Dart              |     1 |       |       ||     1
  Use: Potion            |       |     1 |     6 ||     7
       Scroll            |       |       |    17 ||    17
Armor: Scale mail        |    33 |       |       ||    33
       Chain mail        |    33 |   104 |   224 ||   361
Dodge: Dodged            |    54 |    48 |    93 ||   195
Block: Buckler           |    15 |    40 |   104 ||   159
       Kite shield       |       |       |    28 ||    28
       Reflection        |       |       |     3 ||     3

Table legend: (Time is in decaauts)
 A = Elapsed time spent in this place.
 B = Non-inter-level travel time spent in this place.
 C = Inter-level travel time spent in this place.
 D = Time resting spent in this place.
 E = Time spent auto-exploring this place.
 F = Levels seen in this place.
 G = Mean time per level.
                   A        B        C        D        E       F      G
               +--------+--------+--------+--------+--------+-----+--------+
         Total |   7676 |   7411 |    265 |   1149 |   4536 |   9 |  852.9 |
       Dungeon |   7586 |   7357 |    229 |   1149 |   4536 |   8 |  948.2 |
        Temple |     90 |     54 |     36 |      0 |      0 |   1 |   90.0 |
               +--------+--------+--------+--------+--------+-----+--------+

Top non-repeatable levels by time:
     D:7: 1438 daAuts
     D:2: 1020 daAuts
     D:6: 963 daAuts
     D:4: 959 daAuts
     D:1: 852 daAuts
     D:8: 844 daAuts
     D:3: 784 daAuts
     D:5: 723 daAuts
  Temple: 90 daAuts
